AoeStats
← Tanana

African Clearing

504055020Analyzed
4v4 RM · 28d ago on Sep 3, 2026· 41m 57s· 8 players
Game mode
Random Map
Map size
Large (8 player)
Population
200
Speed
Normal
Resources
Standard
Victory
Conquest
Starting age
Dark Age
Ending age
Imperial Age
RankedLock teamsTeams togetherTeam positionsShared explorationLock speedFull tech treeHidden civsTurbo modeCheats
Victory
Defeat
🇩🇪 Teutons · Germany
1368
+12
🇩🇪 Vietnamese · Germany
1347
+13
🇩🇪 Persians · Germany
1347
+13
🇩🇪 Mapuche · Germany
1342
+13
🇺🇸 Mongols · United States
1311
-13
1289
-13
🇨🇳 Burgundians · China
1276
-13
🇱🇹 Britons · Lithuania
1268
-12
ׅ
4:00 Loom
10:54 Feudal Age
11:35 Double-Bit Axe
14:52 Horse Collar
17:44 Forging
19:32 Fletching
19:47 Town Watch
21:29 Wheelbarrow
21:50 Bloodlines
22:29 Scale Barding Armor
24:02 Padded Archer Armor
23:57 Gold Mining
23:58 Stone Mining
28:07 Castle Age
28:51 Husbandry
28:11 Light Cavalry
29:29 Iron Casting
29:14 Chain Barding Armor
28:52 Bodkin Arrow
35:27 Heavy Plow
40:30 Hand Cart
43:13 Imperial Age
40:47 Stone Mining
タタールが村に入った
3:17 Loom
12:42 Feudal Age
17:18 Scale Barding Armor
17:24 Forging
23:25 Castle Age
21:46 Bloodlines
21:46 Double-Bit Axe
22:51 Fletching
23:02 Padded Archer Armor
24:04 Bodkin Arrow
23:50 Light Cavalry
27:30 Husbandry
35:54 Ballistics
42:44 Imperial Age
Bangputys
6:44 Loom
13:19 Feudal Age
14:26 Double-Bit Axe
17:03 Fletching
18:14 Gold Mining
26:04 Castle Age
25:22 Padded Archer Armor
26:28 Town Watch
26:07 Crossbowman
26:53 Bodkin Arrow
28:02 Ballistics
32:04 Wheelbarrow
32:05 Leather Archer Armor
33:13 Hand Cart
37:28 Bow Saw
Rolin
6:22 Double-Bit Axe
7:55 Loom
15:04 Feudal Age
13:29 Gold Mining
13:30 Stone Mining
18:39 Castle Age
17:33 Gold Shaft Mining
18:37 Wheelbarrow
19:41 Light Cavalry
22:19 Forging
22:15 Scale Barding Armor
25:32 Fletching
29:12 Husbandry
Fürst Zono
7:46 Loom
9:18 Loom
12:31 Feudal Age
13:13 Double-Bit Axe
17:58 Scale Barding Armor
20:58 Bloodlines
24:10 Horse Collar
25:05 Horse Collar
26:26 Wheelbarrow
28:40 Castle Age
27:26 Forging
28:35 Fletching
30:21 Chain Barding Armor
33:20 Coinage
41:50 Gold Mining
42:38 Iron Casting
41:58 Town Watch
I still hate Goths
3:03 Loom
12:45 Feudal Age
16:18 Castle Age
14:44 Double-Bit Axe
16:22 Scale Barding Armor
22:33 Bloodlines
24:08 Horse Collar
27:06 Husbandry
29:43 Bow Saw
30:59 Wheelbarrow
31:26 Town Watch
32:48 Chain Barding Armor
37:22 Imperial Age
35:47 Hand Cart
38:29 Plate Barding Armor
38:05 Forging
37:27 Cavalier
39:06 Gold Mining
39:09 Fletching
38:53 Light Cavalry
41:51 Iron Casting
I still love Koreans
3:17 Loom
12:53 Feudal Age
16:39 Castle Age
15:09 Horse Collar
16:08 Double-Bit Axe
24:05 Fletching
26:26 Bow Saw
28:04 Wheelbarrow
28:04 Town Watch
30:04 Bodkin Arrow
30:54 Hand Cart
30:46 Gold Mining
32:41 Padded Archer Armor
33:51 Stone Mining
34:04 Heavy Plow
35:50 Leather Archer Armor
38:55 Imperial Age
42:24 Ring Archer Armor
Tanana
3:03 Loom
13:50 Feudal Age
15:26 Double-Bit Axe
18:40 Castle Age
24:37 Fletching
26:59 Bodkin Arrow
29:18 Ballistics
30:21 Thumb Ring
31:47 Wheelbarrow
31:37 Padded Archer Armor
32:03 Horse Collar
39:50 Gold Mining
41:25 Bow Saw
Connection lost

Rejoining the realm…

Still unreachable

The connection could not be restored.

Session expired

The server has moved on; the page needs a fresh start.